 Dungeon Crawl Stone Soup version 0.30-a0-1074-g5db6f66fbb (webtiles) character file.

Game seed: 11811558698549481715

30 OrthodoxDeviant the Digger (level 3, -9/24 HPs)
             Began as a Barachi Earth Elementalist on Apr 14, 2023.
             Mangled by a gnoll
             ... wielding a +0 halberd
              (15 damage)
             ... on level 2 of the Dungeon.
             The game lasted 00:02:16 (1176 turns).

OrthodoxDeviant the Digger (BaEE)                   Turns: 1176, Time: 00:02:17

Health: -9/24      AC:  2    Str:  9    XL:     3   Next: 20%
Magic:  7/7        EV: 12    Int: 17    God:
Gold:   60         SH:  0    Dex: 12    Spells: 2/8 levels left

rFire   . . .      SeeInvis .    g - +4 dagger (flame)
rCold   . . .      Faith    .    (no shield)
rNeg    . . .      Spirit   .    a - +0 robe
rPois   .          Reflect  .    (no helmet)
rElec   .          Rampage  .    (no cloak)
rCorr   .                        (no gloves)
Will    .....                    (no boots)
Stlth   ++                       (no amulet)
HPRegen 0.24/turn                (no ring)
MPRegen 0.10/turn                (no ring)

@: slow
A: amphibious, slowness 1, strong legs 1, +LOS
a: Hop


You were on level 2 of the Dungeon.
You visited 1 branch of the dungeon, and saw 2 of its levels.

You collected 60 gold pieces.

Inventory:

Hand Weapons
 g - a +4 dagger of flaming (weapon)
Armour
 a - a +0 robe (worn)
Scrolls
 c - 2 scrolls of poison {unknown}
 d - a scroll of teleportation {unknown}
 h - 2 scrolls of identify {unknown}
Potions
 b - a potion of magic
 e - a potion of haste {unknown}
 f - a potion of heal wounds {unknown}
 i - a potion of curing {unknown}


   Skills:
 - Level 2.1 Dodging
 - Level 1.7 Stealth
 + Level 3.0 Spellcasting
 * Level 0.3 Conjurations
 - Level 1.1 Transmutations
 * Level 3.6 Earth Magic


You had 2 spell levels left.
You knew the following spells:

 Your Spells              Type           Power      Damage    Failure   Level
a - Sandblast             Erth           28%        2d8       4%          1
b - Stone Arrow           Conj/Erth      18%        3d8       24%         3
c - Passwall              Tmut/Erth      8%         N/A       10%         2

Your spell library contained the following spells:

 Spells                   Type           Power      Damage    Failure   Level
 Petrify                  Tmut/Erth      10%        N/A       54%         4


Dungeon Overview and Level Annotations

Branches:
Dungeon (2/15)

Altars:


Innate Abilities, Weirdness & Mutations

You are amphibious.
You cover ground slowly.
You can hop short distances.
You have an extended range of vision and can be seen from far away.


Message History

A hobgoblin is nearby!
A hobgoblin is nearby!
A hobgoblin is nearby!
A hobgoblin is nearby!
No target in view!
Casting: Sandblast (safe; 4% risk of failure)
Confirm with . or Enter, or press ? or * to list all spells.
Okay, then.
Found a stone staircase leading down.
The hobgoblin shouts!
You hear a shout! x2
A gnoll comes into view. It is wielding a +0 halberd.
There are monsters nearby!
There are monsters nearby!
There are monsters nearby!
Casting: Sandblast (safe; 4% risk of failure)
Confirm with . or Enter, or press ? or * to list all spells.
Aiming: Sandblast (safe; 4% risk of failure)
Press: ? - help, Shift-Dir - straight line, f - hobgoblin
Aim: a hobgoblin (82% to hit)
The blast of sand hits the hobgoblin!
You kill the hobgoblin!
Unknown command.
Casting: Sandblast (safe; 4% risk of failure)
Confirm with . or Enter, or press ? or * to list all spells.
You can't see any susceptible monsters within range! (Use Z to cast anyway.) Unknown command.
Unknown command.
Unknown command.
Unknown command.
A kobold comes into view. It is wielding a +0 short sword.
A gnoll comes into view. It is wielding a +0 spear.
The gnoll hits you from afar with a +0 halberd!
The gnoll hits you from afar with a +0 halberd!
Ouch! That really hurt!
* * * LOW HITPOINT WARNING * * *
A gnoll comes into view.
It is wielding a +3 flail of protection.
There is a stone staircase leading up here.
The gnoll hits you from afar with a +0 halberd!
Ouch! That really hurt!
You die...

#.#..#.....#...# #....
#.#...÷#.#...#.######.
#.#..#.#.#.#.#........
#.#..#.#.#...#.#######
#.##.#.#.....#.#
#.#..#.###..##.#
#.#.##.. ......#
#.#g######..####
#.#..@.g....#
#.#########.# #.# #.#
†.$ ..... .......
.......## .....K..#


You could see 2 gnolls.

Vanquished Creatures
  A dart slug (D:2)
  6 ball pythons (D:1)
  A giant cockroach (D:1)
  5 goblins (D:1)
  3 hobgoblins
  A kobold (D:2)
  4 bats
  2 frilled lizards
  3 rats (D:1)
26 creatures vanquished.

Notes
Turn   | Place    | Note
-------+----------+-------------------------------------------
     0 | D:1      | OrthodoxDeviant the Barachi Earth Elementalist began the
                  | quest for the Orb.
     0 | D:1      | Reached XP level 1. HP: 13/13 MP: 3/3
   124 | D:1      | Found a faded altar of an unknown god.
   188 | D:1      | Reached XP level 2. HP: 19/19 MP: 1/5
   974 | D:2      | Reached XP level 3. HP: 24/24 MP: 4/7
   978 | D:2      | Learned a level 3 spell: Stone Arrow
   981 | D:2      | Learned a level 2 spell: Passwall
  1176 | D:2      | Mangled by a gnoll

Illustrated notes

Levels and vault maps discovered:
D:1:      dpeg_arrival_pits, layout_rooms, ebering_ecumenical_altar_box,
          lemuel_flame_loot_1
D:2:      layout_basic, basic_altar

Skill      XL: |  1  2  3 |
---------------+----------+-----
Spellcasting   | 3 |  3.0
Dodging        | |  2.1
Stealth        | |  1.7
Conjurations   | |  0.3
Transmutations | |  1.1
Earth Magic    | |  3.6

Action                     || total
---------------------------++-------
  Melee: Unarmed           ||     9
         Dagger            ||     1
   Cast: Sandblast         ||    34
 Armour: Robe              ||     5
  Dodge: Dodged            ||    14

Table legend: (Time is in decaauts)
 A = Elapsed time spent in this place.
 B = Non-inter-level travel time spent in this place.
 C = Inter-level travel time spent in this place.
 D = Time resting spent in this place.
 E = Time spent auto-exploring this place.
 F = Levels seen in this place.
 G = Mean time per level.
                   A        B        C        D        E       F      G
               +--------+--------+--------+--------+--------+-----+--------+
         Total |   1325 |   1238 |     87 |    182 |    791 |   2 |  662.5 |
       Dungeon |   1325 |   1238 |     87 |    182 |    791 |   2 |  662.5 |
               +--------+--------+--------+--------+--------+-----+--------+

Top non-repeatable levels by time:
     D:1: 1020 daAuts
     D:2: 304 daAuts
